General information
			
			
        
        - name: BNet
 
        - type: Ladder team game (AT/RT)
 
        - host: Battle.net
 
        - saver: sc2no_wc4yes
 
        
map: GoldRush 
        - players: 8
 
        - length: 19:46
 
        - speed: Fast
 - version: 1.22 W3XP
 - replay type:  Public
 
» download(172 KB)
Players
        team 1 (loser) 
              
              
iabuse (
blue | 62 APM | 1232 actions | 19:44)
              
 3 Blademaster 
 2 Wind Walk
 1 Critical Strike
 
                » actions 
                
                | Assign group hotkey | 13 |  | 
| Basic commands | 22 |  | 
| Build / train | 51 |  | 
| ESC pressed | 7 |  | 
| Enter build submenu | 32 |  | 
| Enter hero's abilities submenu | 3 |  | 
| Right click | 489 |  | 
| Select / deselect | 478 |  | 
| Select group hotkey | 73 |  | 
| Use ability | 64 |  | 
                1232 total
 » units 
                
                | Peon | 21 |  | 
| Grunt | 6 |  | 
| Troll Batrider | 8 |  | 
| Wind Rider | 3 |  | 
                38 total
 » upgrades
                
                | Berserker Strength | 1 |  | 
| Liquid Fire | 1 |  | 
| Reinforced Defenses | 1 |  | 
                3 total
 » buildings
                
                | Altar of Storms | 1 |  | 
| Orc Burrow | 5 |  | 
| War Mill | 1 |  | 
| Barracks | 1 |  | 
| Voodoo Lounge | 1 |  | 
| Watch Tower | 13 |  | 
| Stronghold | 1 |  | 
| Beastiary | 2 |  | 
| Fortress | 1 |  | 
| Great Hall | 2 |  | 
                28 total
 » build order
                00:08 Altar of Storms
00:15 Orc Burrow
01:07 War Mill
01:28 Barracks
01:43 Orc Burrow
02:28 Voodoo Lounge
04:05 Watch Tower
04:08 Watch Tower
04:09 Watch Tower
04:25 Orc Burrow
04:46 Stronghold
05:12 Watch Tower
05:14 Watch Tower
05:34 Watch Tower
06:20 Watch Tower
06:23 Watch Tower
06:59 Watch Tower
07:09 Watch Tower
07:32 Watch Tower
07:43 Watch Tower
08:16 Watch Tower
10:01 Beastiary
10:02 Beastiary
10:52 Fortress
10:57 Great Hall
15:47 Orc Burrow
16:10 Orc Burrow
17:04 Great Hall
» items
                
                | Healing Salve | 2 |  | 
| Lesser Clarity Potion | 1 |  | 
| Scroll of Speed | 1 |  | 
                4 total
  
               
              
              
» 
Vernal_Equinox (
teal | 39 APM | 710 actions | 18:03)
              
 2 Blademaster 
 1 Wind Walk
 1 Critical Strike
 
                » actions 
                
                | Assign group hotkey | 11 |  | 
| Basic commands | 23 |  | 
| Build / train | 37 |  | 
| Enter build submenu | 20 |  | 
| Enter hero's abilities submenu | 2 |  | 
| Right click | 295 |  | 
| Select / deselect | 228 |  | 
| Select group hotkey | 49 |  | 
| Use ability | 45 |  | 
                710 total
 » units 
                
                | Peon | 7 |  | 
| Grunt | 6 |  | 
| Raider | 10 |  | 
| Shaman | 2 |  | 
                25 total
 » upgrades
                
                | Melee Weapons | 1 |  | 
| Armor | 1 |  | 
| Ensnare | 1 |  | 
| Shaman Training | 2 |  | 
                5 total
 » buildings
                
                | Orc Burrow | 7 |  | 
| Altar of Storms | 1 |  | 
| Barracks | 1 |  | 
| War Mill | 1 |  | 
| Stronghold | 1 |  | 
| Voodoo Lounge | 2 |  | 
| Watch Tower | 3 |  | 
| Beastiary | 1 |  | 
| Fortress | 1 |  | 
| Spirit Lodge | 1 |  | 
| Tauren Totem | 1 |  | 
                20 total
 » build order
                00:32 Orc Burrow
00:34 Altar of Storms
00:39 Barracks
01:14 War Mill
01:58 Orc Burrow
02:42 Orc Burrow
02:47 Orc Burrow
03:49 Stronghold
03:52 Voodoo Lounge
04:54 Orc Burrow
05:49 Watch Tower
06:05 Watch Tower
07:01 Beastiary
07:58 Watch Tower
09:08 Voodoo Lounge
10:31 Fortress
10:50 Spirit Lodge
11:51 Orc Burrow
12:20 Orc Burrow
13:17 Tauren Totem
» items
                 
               
              
              
» 
sc2no_wc4yes (
yellow | 82 APM | 1614 actions | 19:46)
              
 6 Tauren Chieftain 
 3 War Stomp
 2 Endurance Aura
 1 Reincarnation
 
                » actions 
                
                | Assign group hotkey | 40 |  | 
| Basic commands | 138 |  | 
| Build / train | 65 |  | 
| Enter build submenu | 14 |  | 
| Enter hero's abilities submenu | 6 |  | 
| Give item / drop item | 5 |  | 
| Right click | 478 |  | 
| Select / deselect | 228 |  | 
| Select group hotkey | 557 |  | 
| Use ability | 83 |  | 
                1614 total
 » units 
                
                | Peon | 12 |  | 
| Troll Headhunter/Berserker | 18 |  | 
| Demolisher | 2 |  | 
                32 total
 » upgrades
                
                | Ranged Weapons | 3 |  | 
| Troll Regeneration | 1 |  | 
| Berserker Upgrade | 1 |  | 
                5 total
 » buildings
                
                | Altar of Storms | 1 |  | 
| Orc Burrow | 8 |  | 
| War Mill | 1 |  | 
| Barracks | 2 |  | 
| Voodoo Lounge | 1 |  | 
| Stronghold | 2 |  | 
| Great Hall | 1 |  | 
| Fortress | 1 |  | 
                17 total
 » build order
                00:12 Altar of Storms
00:16 Orc Burrow
01:07 War Mill
01:26 Barracks
01:44 Barracks
02:04 Orc Burrow
02:56 Orc Burrow
03:23 Voodoo Lounge
04:58 Stronghold
04:58 Stronghold
05:58 Orc Burrow
06:33 Great Hall
08:00 Orc Burrow
08:02 Fortress
08:52 Orc Burrow
13:17 Orc Burrow
13:17 Orc Burrow
» items
                
                | Lesser Clarity Potion | 4 |  | 
| Healing Salve | 4 |  | 
| Scroll of Speed | 3 |  | 
| Scroll of Town Portal | 5 |  | 
| Scroll of Healing | 1 |  | 
| Orb of Lightning | 1 |  | 
                18 total
  
               
              
              
mdb3624 (
pink | 14 APM | 258 actions | 18:14)
              
 1 Lich 
 1 Frost Armor
 
                » actions 
                
                | Basic commands | 11 |  | 
| Build / train | 33 |  | 
| Enter build submenu | 22 |  | 
| Enter hero's abilities submenu | 1 |  | 
| Remove unit from queue | 1 |  | 
| Right click | 79 |  | 
| Select / deselect | 90 |  | 
| Use ability | 21 |  | 
                258 total
 » units 
                
                | Acolyte | 3 |  | 
| Ghoul | 9 |  | 
| Crypt Fiend | 5 |  | 
                17 total
 » upgrades
                
                | Cannibalize | 0 |  | 
| Creature Carapace | 1 |  | 
| Creature Attack | 1 |  | 
| Web | 1 |  | 
                3 total
 » buildings
                
                | Altar of Darkness | 1 |  | 
| Crypt | 3 |  | 
| Ziggurat | 15 |  | 
| Nerubian Tower | 9 |  | 
| Graveyard | 1 |  | 
| Halls of the Dead | 1 |  | 
                30 total
 » build order
                00:22 Altar of Darkness
00:30 Crypt
00:39 Ziggurat
01:48 Crypt
01:58 Ziggurat
02:21 Nerubian Tower
02:57 Nerubian Tower
04:22 Ziggurat
04:29 Ziggurat
04:36 Ziggurat
05:15 Nerubian Tower
05:22 Ziggurat
05:25 Nerubian Tower
05:32 Nerubian Tower
05:43 Ziggurat
08:00 Crypt
08:10 Graveyard
09:00 Ziggurat
09:18 Ziggurat
09:54 Nerubian Tower
10:12 Nerubian Tower
11:38 Ziggurat
11:43 Ziggurat
12:39 Nerubian Tower
14:05 Halls of the Dead
14:44 Nerubian Tower
15:49 Ziggurat
15:53 Ziggurat
16:04 Ziggurat
16:15 Ziggurat
 
               team 2 (winner) 
              
              
I_INFERNO_I (
green | 60 APM | 1182 actions | 19:46)
              
 5 Priestess of the Moon 
 2 Searing Arrows
 3 Trueshot Aura
 2 Keeper of the Grove 
 1 Thorns Aura
 1 Entangling Roots
 
                » actions 
                
                | Assign group hotkey | 48 |  | 
| Basic commands | 186 |  | 
| Build / train | 84 |  | 
| Enter build submenu | 20 |  | 
| Enter hero's abilities submenu | 7 |  | 
| Remove unit from queue | 1 |  | 
| Right click | 210 |  | 
| Select / deselect | 232 |  | 
| Select group hotkey | 360 |  | 
| Use ability | 34 |  | 
                1182 total
 » units 
                » upgrades
                
                | Strength of the Wild | 3 |  | 
| Reinforced Hides | 3 |  | 
| Abolish Magic | 1 |  | 
| Well Spring | 1 |  | 
| Ultravision | 1 |  | 
                9 total
 » buildings
                
                | Altar of Elders | 2 |  | 
| Moon Well | 8 |  | 
| Hunter's Hall | 1 |  | 
| Ancient of War | 1 |  | 
| Ancient of Wonders | 1 |  | 
| Tree of Ages | 2 |  | 
| Ancient of Lore | 3 |  | 
| Tree of Life | 2 |  | 
| Tree of Eternity | 3 |  | 
                23 total
 » build order
                00:09 Altar of Elders
00:12 Altar of Elders
00:21 Moon Well
01:10 Hunter's Hall
01:36 Ancient of War
02:04 Moon Well
02:14 Ancient of Wonders
03:19 Tree of Ages
03:50 Moon Well
05:06 Moon Well
05:50 Ancient of Lore
05:54 Ancient of Lore
06:09 Tree of Life
07:50 Moon Well
08:41 Moon Well
08:44 Moon Well
11:37 Ancient of Lore
14:18 Moon Well
14:58 Tree of Eternity
14:58 Tree of Eternity
18:38 Tree of Life
» items
                 
               
              
              
» 
thelionssleepin (
red | 73 APM | 1453 actions | 19:46)
              
 4 Demon Hunter 
 2 Mana Burn
 2 Evasion
 1 Priestess of the Moon 
 1 Searing Arrows
 
                » actions 
                
                | Assign group hotkey | 23 |  | 
| Basic commands | 66 |  | 
| Build / train | 47 |  | 
| Enter build submenu | 18 |  | 
| Enter hero's abilities submenu | 5 |  | 
| Remove unit from queue | 2 |  | 
| Right click | 692 |  | 
| Select / deselect | 146 |  | 
| Select group hotkey | 400 |  | 
| Use ability | 54 |  | 
                1453 total
 » units 
                
                | Wisp | 10 |  | 
| Huntress | 4 |  | 
| Glaive Thrower | 3 |  | 
| Mountain Giant | 2 |  | 
| Faerie Dragon | 3 |  | 
| Chimaera | 2 |  | 
| Archer | 2 |  | 
| Dryad | 2 |  | 
                28 total
 » upgrades
                
                | Druid of the Claw Training | 0 |  | 
| Strength of the Wild | 1 |  | 
| Reinforced Hides | 1 |  | 
| Hardened Skin | 1 |  | 
| Resistant Skin | 1 |  | 
| Corrosive Breath | 1 |  | 
                5 total
 » buildings
                
                | Altar of Elders | 1 |  | 
| Moon Well | 9 |  | 
| Ancient of War | 1 |  | 
| Hunter's Hall | 1 |  | 
| Tree of Ages | 1 |  | 
| Ancient of Wonders | 1 |  | 
| Tree of Eternity | 1 |  | 
| Ancient of Lore | 1 |  | 
| Ancient of Wind | 1 |  | 
| Chimaera Roost | 3 |  | 
                20 total
 » build order
                00:06 Altar of Elders
00:20 Moon Well
01:39 Ancient of War
01:51 Hunter's Hall
02:07 Moon Well
02:49 Tree of Ages
06:01 Moon Well
06:03 Moon Well
07:51 Ancient of Wonders
08:06 Moon Well
10:03 Tree of Eternity
10:09 Ancient of Lore
10:16 Ancient of Wind
13:21 Chimaera Roost
13:26 Chimaera Roost
13:37 Chimaera Roost
14:32 Moon Well
14:43 Moon Well
15:04 Moon Well
17:30 Moon Well
» items
                
                | Potion of Healing | 1 |  | 
| Scroll of Town Portal | 1 |  | 
| Staff of Preservation | 1 |  | 
                3 total
  
               
              
              
landon8877 (
orange | 26 APM | 509 actions | 19:46)
              
 3 Death Knight 
 2 Death Coil
 1 Death Pact
 1 Dark Ranger 
 1 Black Arrow
 1 Naga Sea Witch 
 1 Mana Shield
 
                » actions 
                
                | Assign group hotkey | 9 |  | 
| Basic commands | 9 |  | 
| Build / train | 51 |  | 
| Enter build submenu | 23 |  | 
| Enter hero's abilities submenu | 5 |  | 
| Right click | 119 |  | 
| Select / deselect | 144 |  | 
| Select group hotkey | 104 |  | 
| Use ability | 45 |  | 
                509 total
 » units 
                
                | Acolyte | 15 |  | 
| Ghoul | 4 |  | 
| Crypt Fiend | 10 |  | 
| Frost Wyrm | 1 |  | 
                30 total
 » upgrades
                
                | Web | 1 |  | 
| Freezing Breath | 1 |  | 
| Creature Attack | 2 |  | 
                4 total
 » buildings
                
                | Crypt | 1 |  | 
| Altar of Darkness | 1 |  | 
| Ziggurat | 10 |  | 
| Graveyard | 2 |  | 
| Nerubian Tower | 5 |  | 
| Halls of the Dead | 1 |  | 
| Black Citadel | 1 |  | 
| Sacrificial Pit | 1 |  | 
| Boneyard | 2 |  | 
| Tomb of Relics | 1 |  | 
                25 total
 » build order
                00:11 Crypt
00:18 Altar of Darkness
00:39 Ziggurat
01:00 Ziggurat
01:46 Graveyard
02:18 Nerubian Tower
02:26 Nerubian Tower
03:05 Ziggurat
04:02 Nerubian Tower
05:56 Ziggurat
07:34 Nerubian Tower
07:38 Halls of the Dead
09:24 Ziggurat
11:51 Graveyard
12:20 Black Citadel
12:25 Ziggurat
12:28 Sacrificial Pit
12:31 Ziggurat
12:34 Ziggurat
12:40 Ziggurat
12:46 Ziggurat
13:46 Nerubian Tower
15:16 Boneyard
15:21 Boneyard
16:17 Tomb of Relics
» items
                
                | Scroll of Town Portal | 1 |  | 
| Orb of Corruption | 1 |  | 
                2 total
  
               
              
              
» 
kland (
purple | 36 APM | 707 actions | 19:46)
              
 3 Priestess of the Moon 
 1 Scout
 1 Searing Arrows
 1 Trueshot Aura
 2 Keeper of the Grove 
 1 Force of Nature
 1 Entangling Roots
 
                » actions 
                
                | Basic commands | 55 |  | 
| Build / train | 55 |  | 
| Enter build submenu | 23 |  | 
| Enter hero's abilities submenu | 5 |  | 
| Right click | 335 |  | 
| Select / deselect | 197 |  | 
| Use ability | 37 |  | 
                707 total
 » units 
                
                | Wisp | 12 |  | 
| Archer | 10 |  | 
| Glaive Thrower | 5 |  | 
| Huntress | 9 |  | 
| Chimaera | 5 |  | 
                41 total
 » upgrades
                
                | Strength of the Moon | 1 |  | 
| Moon Armor | 1 |  | 
| Upgrade Moon Glaive | 1 |  | 
| Corrosive Breath | 1 |  | 
| Strength of the Wild | 1 |  | 
                5 total
 » buildings
                
                | Moon Well | 7 |  | 
| Altar of Elders | 2 |  | 
| Ancient of War | 2 |  | 
| Hunter's Hall | 1 |  | 
| Ancient Protector | 3 |  | 
| Tree of Ages | 1 |  | 
| Tree of Eternity | 1 |  | 
| Ancient of Wind | 1 |  | 
| Chimaera Roost | 2 |  | 
| Tree of Life | 2 |  | 
                22 total
 » build order
                00:25 Moon Well
00:38 Altar of Elders
00:53 Ancient of War
01:39 Moon Well
02:20 Hunter's Hall
02:33 Moon Well
03:54 Ancient Protector
04:52 Ancient Protector
05:13 Moon Well
07:57 Tree of Ages
08:40 Ancient of War
08:45 Moon Well
10:33 Tree of Eternity
13:25 Altar of Elders
13:37 Ancient of Wind
13:58 Ancient Protector
14:04 Moon Well
14:12 Moon Well
15:04 Chimaera Roost
15:10 Chimaera Roost
17:19 Tree of Life
17:40 Tree of Life
 
                Chat log
          (00:05 / Allies) iabuse: rush plz
(00:25 / Allies) iabuse: rush?
(00:27 / Allies) iabuse: we have 3 orc
(00:32 / Allies) iabuse: triple bm
(00:39 / All) thelionssleepin:                                                                  CHEAT ENABLED
(00:50 / Allies) iabuse: rush plz?
(00:51 / All) thelionssleepin: iseedeadpeople
(01:02 / Allies) iabuse: yes or no...
(01:22 / Allies) Vernal_Equinox: im in
(01:30 / Allies) iabuse: we can tower
(01:32 / Allies) iabuse: at same time
(01:59 / Allies) iabuse: harass teal?
(02:10 / Allies) Vernal_Equinox: ok
(04:13 / Allies) iabuse: bring units
(04:31 / Allies) iabuse: everyone come plz
(04:37 / Allies) iabuse: yellow come after plz
(04:55 / Allies) iabuse: lol double tower'
(05:36 / Allies) iabuse: bacl
(05:37 / Allies) iabuse: back
(06:00 / Allies) iabuse: yellow come so we can attack
(06:52 / Allies) iabuse: yellow come
(06:53 / Allies) iabuse: fuck
(06:54 / Allies) iabuse: we need u
(07:50 / Allies) iabuse: atleast save urself
(09:21 / Allies) sc2no_wc4yes: wood
(09:37 / All) iabuse: OMG YELLOW
(09:41 / All) iabuse: U Are thw worse teammate player ever
(11:49 / All) iabuse: why ddin't u help b4
(11:53 / All) iabuse: now we lsot cause of u
(13:02 / Allies) sc2no_wc4yes: I HATE ABUSERS
(13:12 / All) iabuse: its not abuse
(13:14 / All) iabuse: towers suck
(13:19 / Allies) sc2no_wc4yes: UR NAME FAG
(13:24 / All) landon8877: no you do
(13:30 / All) landon8877: now leave plz
(13:33 / All) iabuse: teammate killing me now
(13:38 / Allies) iabuse: stop it
(13:56 / Allies) iabuse: guys come on this is stupid don't atack each other
(14:19 / Allies) iabuse: yellow come on
(14:24 / Allies) iabuse: we
(14:27 / Allies) iabuse: can still win this
(14:28 / Allies) mdb3624: lets finish oj off
(14:34 / Allies) sc2no_wc4yes: FUCK YOU ABUSER
(14:39 / Allies) iabuse: how are we abusers
(14:42 / Allies) iabuse: just cause our name?
(14:43 / Allies) sc2no_wc4yes: READ UR NAME JACKOFF
(14:46 / Allies) sc2no_wc4yes: NOT WE
(14:47 / Allies) sc2no_wc4yes: YIOU
(14:48 / Allies) iabuse: so wth
(14:50 / Allies) iabuse: it's a name
(14:50 / Allies) iabuse: wth
(14:53 / Allies) sc2no_wc4yes: BLOW ME FAG
(15:11 / All) iabuse: well gg
(15:13 / All) iabuse: u guys win
(15:20 / All) iabuse: yellow doesn't hel p then he team kills
(15:32 / All) sc2no_wc4yes: hackers and abusers get tked
(18:01 / All) iabuse: u are the biggest loser ever yellow
(18:03 / All) iabuse: n i will report u
(18:04 / All) iabuse: to bnet
(18:07 / All) sc2no_wc4yes: faggot bauser with a tough guy cool stats name
(18:25 / All) iabuse: well bye ur key
(18:28 / All) iabuse: u teamkiller
(18:31 / Allies) sc2no_wc4yes: have fun finding at parts
(18:33 / Allies) sc2no_wc4yes: wtioh noobass rt stats
(18:38 / Allies) sc2no_wc4yes: abuser fag
(18:52 / All) iabuse: it's a team game
(18:57 / All) iabuse: if u don't want to cooperate play solo
(19:00 / Allies) sc2no_wc4yes: stfu
(19:03 / Allies) sc2no_wc4yes: stop playing dumb lamer
(19:07 / Allies) sc2no_wc4yes: unless you really dont know what abuse means
(19:11 / Allies) sc2no_wc4yes: which is hilarious
(19:35 / All) iabuse: H
(19:41 / All) iabuse: cfan't wait till u get banned
(19:42 / All) iabuse: =)